| TOP OF THE 1ST |
|
Huron Cubs batting - Pitching for Aberdeen Pheasants : RHP Dave Beard
|
|
Pitching: RHP Dave Beard
|
|
|
Batting: SHB Keith Smith
|
0-0: Swinging Strike 0-1: Ball 1-1: Ball 2-1: Foul Ball, location: 2F 2-2: Ball 3-2: Foul Ball, location: 2F 3-2: Base on Balls
|
|
Batting: RHB Greg Zunino
|
0-0: Ball 1-0: Swinging Strike 1-1: Ball 2-1: Ball 3-1: Base on Balls Keith Smith to second
|
|
Batting: RHB Mark Carreon
|
0-0: Called Strike 0-1: Swinging Strike 0-2: Ball 1-2: Ball 2-2: Ball 3-2: Fly out, F8 (Flyball, 8LD, EV 101.3 MPH)
|
|
Batting: RHB John Alvarez
|
0-0: Ball 1-0: Grounds into double play, 6-4-3 (Groundball, 6, EV 81.9 MPH)
|
| Top of the 1st over - 0 runs, 0 hits, 0 errors, 1 left on base; Huron 0 - Aberdeen 0 |
| BOTTOM OF THE 1ST |
|
Aberdeen Pheasants batting - Pitching for Huron Cubs : RHP Rich N Thompson
|
|
Pitching: RHP Rich N Thompson
|
|
|
Batting: RHB Greg Howe
|
0-0: Foul Ball, location: 2F 0-1: Foul Ball, location: 2F 0-2: Ball 1-2: Strikes out swinging
|
|
Batting: RHB Thomas Masterson
|
0-0: Ball 1-0: Ball 2-0: Ball 3-0: Base on Balls
|
|
Batting: LHB Sergio Leija
|
0-0: Ball 1-0: Ball 2-0: Called Strike 2-1: Fly out, F9 (Flyball, 9LM, EV 94.4 MPH)
|
|
Batting: LHB Robert McNair
|
0-0: Ball 1-0: Foul Ball, location: 2F 1-1: Ball 2-1: Ground out 4-3 (Groundball, 34, EV 100.0 MPH)
|
| Bottom of the 1st over - 0 runs, 0 hits, 0 errors, 1 left on base; Huron 0 - Aberdeen 0 |
| TOP OF THE 2ND |
|
Huron Cubs batting - Pitching for Aberdeen Pheasants : RHP Dave Beard
|
|
Batting: LHB Willis Gonzalez
|
0-0: Foul Ball, location: 2F 0-1: Foul Ball, location: 2F 0-2: Foul Ball, location: 2F 0-2: Foul Ball, location: 2F 0-2: Foul Ball, location: 2F 0-2: Ground out 6-3 (Groundball, 6, EV 101.9 MPH)
|
|
Batting: RHB Mike Stellern
|
0-0: Ball 1-0: Foul Ball, location: 2F 1-1: Ball 2-1: Foul Ball, location: 2F 2-2: Strikes out swinging
|
|
Batting: LHB Rob Nelson
|
0-0: Ball 1-0: Foul Ball, location: 2F 1-1: Ball 2-1: Fly out, F8 (Flyball, 8LXD, EV 92.5 MPH)
|
| Top of the 2nd over - 0 runs, 0 hits, 0 errors, 0 left on base; Huron 0 - Aberdeen 0 |
| BOTTOM OF THE 2ND |
|
Aberdeen Pheasants batting - Pitching for Huron Cubs : RHP Rich N Thompson
|
|
Batting: RHB Harry McCulla
|
0-0: Ball 1-0: Ball 2-0: Ball 3-0: Called Strike 3-1: Base on Balls
|
|
Batting: RHB Pedro Chavez
|
0-0: Ball 1-0: Foul Ball, location: 2F 1-1: Fly out, F8 (Flyball, 8RS, EV 94.4 MPH)
|
|
Batting: RHB Alejandro Luna
|
0-0: Grounds into double play, 4-6-3 (Groundball, 4, EV 98.8 MPH)
|
| Bottom of the 2nd over - 0 runs, 0 hits, 0 errors, 0 left on base; Huron 0 - Aberdeen 0 |
| TOP OF THE 3RD |
|
Huron Cubs batting - Pitching for Aberdeen Pheasants : RHP Dave Beard
|
|
Batting: RHB Phillip Wilson
|
0-0: Ball 1-0: Called Strike 1-1: Foul Ball, location: 2F 1-2: Ball 2-2: Ball 3-2: Fly out, F9 (Flyball, 9, EV 91.3 MPH)
|
|
Batting: SHB Chris Pittaro
|
0-0: Called Strike 0-1: Ball 1-1: Foul Ball, location: 2F 1-2: Ball 2-2: Fly out, F8 (Flyball, 8LXD, EV 100.0 MPH)
|
|
Batting: SHB Keith Smith
|
0-0: Foul Ball, location: 2F 0-1: Swinging Strike 0-2: Ball 1-2: Strikes out swinging
|
| Top of the 3rd over - 0 runs, 0 hits, 0 errors, 0 left on base; Huron 0 - Aberdeen 0 |
| BOTTOM OF THE 3RD |
|
Aberdeen Pheasants batting - Pitching for Huron Cubs : RHP Rich N Thompson
|
|
Batting: RHB Armando Ramirez
|
0-0: Ball 1-0: Ball 2-0: DOUBLE (Groundball, 5L, EV 101.3 MPH)
|
|
Batting: RHB Diego Martinez
|
0-0: Reached on error, E5 (Groundball, 56S, EV 80.0 MPH) Armando Ramirez to third
|
|
Batting: RHB Greg Howe
|
0-0: Ball 1-0: Ball 2-0: Ball 3-0: Called Strike 3-1: Fly out, F4 (Popup, 13, EV 81.9 MPH)
|
|
Batting: RHB Thomas Masterson
|
0-0: Called Strike 0-1: Grounds into double play, 4-6-3 (Groundball, 4, EV 82.5 MPH)
|
| Bottom of the 3rd over - 0 runs, 1 hit, 1 error, 1 left on base; Huron 0 - Aberdeen 0 |
| TOP OF THE 4TH |
|
Huron Cubs batting - Pitching for Aberdeen Pheasants : RHP Dave Beard
|
|
Batting: RHB Greg Zunino
|
0-0: Ball 1-0: Ball 2-0: Ball 3-0: Called Strike 3-1: Swinging Strike 3-2: Fly out, F3 (Popup, 23F, EV 76.9 MPH)
|
|
Batting: RHB Mark Carreon
|
0-0: Called Strike 0-1: Foul Ball, location: 2F 0-2: SINGLE (Line Drive, 6MD, EV 106.9 MPH)
|
|
Batting: RHB John Alvarez
|
0-0: Ball Mark Carreon steals 2nd base 1-0: Ball 2-0: Ground out 5-3 (Groundball, 56, EV 103.1 MPH)
|
|
Batting: LHB Willis Gonzalez
|
0-0: Fly out, F7 (Line Drive, 7, EV 90.0 MPH)
|
| Top of the 4th over - 0 runs, 1 hit, 0 errors, 1 left on base; Huron 0 - Aberdeen 0 |
| BOTTOM OF THE 4TH |
|
Aberdeen Pheasants batting - Pitching for Huron Cubs : RHP Rich N Thompson
|
|
Batting: LHB Sergio Leija
|
0-0: Called Strike 0-1: Foul Ball, location: 2F 0-2: Foul Ball, location: 2F 0-2: Ball 1-2: Ball 2-2: Ball 3-2: Foul Ball, location: 2F 3-2: Base on Balls
|
|
Batting: LHB Robert McNair
|
0-0: Ball 1-0: Foul Ball, location: 2F 1-1: Ball 2-1: Swinging Strike 2-2: Ball 3-2: Foul Ball, location: 2F 3-2: Foul Ball, location: 2F 3-2: Reached on error, E5 (Popup, 5, EV 73.8 MPH) Sergio Leija to second
|
|
Batting: RHB Harry McCulla
|
0-0: Ball 1-0: Ball Robert McNair steals 2nd base Sergio Leija steals 3rd base 2-0: Swinging Strike 2-1: 3-RUN HOME RUN (Flyball, 7D, EV 87.5 MPH), Distance : 385 ft
|
|
Batting: RHB Pedro Chavez
|
0-0: Called Strike 0-1: Foul Ball, location: 2F 0-2: Ball 1-2: Ball 2-2: Strikes out swinging
|
|
Batting: RHB Alejandro Luna
|
0-0: Called Strike 0-1: Ball 1-1: Ball 2-1: Swinging Strike 2-2: Ball 3-2: Foul Ball, location: 2F 3-2: Strikes out swinging
|
|
Batting: RHB Armando Ramirez
|
0-0: Ball 1-0: Swinging Strike 1-1: Called Strike 1-2: Ball 2-2: Foul Ball, location: 2F 2-2: Foul Ball, location: 2F 2-2: Ball 3-2: Foul Ball, location: 2F 3-2: Fly out, F8 (Flyball, 8RD, EV 85.0 MPH)
|
| Bottom of the 4th over - 3 runs, 1 hit, 1 error, 0 left on base; Huron 0 - Aberdeen 3 |
| TOP OF THE 5TH |
|
Huron Cubs batting - Pitching for Aberdeen Pheasants : RHP Dave Beard
|
|
Batting: RHB Mike Stellern
|
0-0: Ball 1-0: Foul Ball, location: 2F 1-1: Foul Ball, location: 2F 1-2: Foul Ball, location: 2F 1-2: Foul Ball, location: 2F 1-2: Strikes out swinging
|
|
Batting: LHB Rob Nelson
|
0-0: Ball 1-0: Foul Ball, location: 2F 1-1: Swinging Strike 1-2: Foul Ball, location: 2F 1-2: Ball 2-2: Ball 3-2: Foul Ball, location: 2F 3-2: Ground out U3 (Groundball, 34S, EV 85.0 MPH)
|
|
Batting: RHB Phillip Wilson
|
0-0: Fly out, F6 (Flyball, 56D, EV 88.1 MPH)
|
| Top of the 5th over - 0 runs, 0 hits, 0 errors, 0 left on base; Huron 0 - Aberdeen 3 |
| BOTTOM OF THE 5TH |
|
Aberdeen Pheasants batting - Pitching for Huron Cubs : RHP Rich N Thompson
|
|
Batting: RHB Diego Martinez
|
0-0: Called Strike 0-1: Foul Ball, location: 2F 0-2: Strikes out looking
|
|
Batting: RHB Greg Howe
|
0-0: Called Strike 0-1: Ball 1-1: Fly out, F8 (Flyball, 8RD, EV 78.8 MPH)
|
|
Batting: RHB Thomas Masterson
|
0-0: Ball 1-0: Ball 2-0: Called Strike 2-1: Foul Ball, location: 2F 2-2: Fly out, F9 (Flyball, 9LM, EV 88.1 MPH)
|
| Bottom of the 5th over - 0 runs, 0 hits, 0 errors, 0 left on base; Huron 0 - Aberdeen 3 |
| TOP OF THE 6TH |
|
Huron Cubs batting - Pitching for Aberdeen Pheasants : RHP Dave Beard
|
|
Batting: SHB Chris Pittaro
|
0-0: Called Strike 0-1: Ball 1-1: Ball 2-1: Fly out, F4 (Line Drive, 4, EV 71.9 MPH)
|
|
Batting: SHB Keith Smith
|
0-0: Swinging Strike 0-1: Fly out, F9 (Flyball, 89D, EV 100.0 MPH)
|
|
Batting: RHB Greg Zunino
|
0-0: Ball 1-0: Swinging Strike 1-1: Called Strike 1-2: Foul Ball, location: 2F 1-2: Strikes out swinging
|
| Top of the 6th over - 0 runs, 0 hits, 0 errors, 0 left on base; Huron 0 - Aberdeen 3 |
| BOTTOM OF THE 6TH |
|
Aberdeen Pheasants batting - Pitching for Huron Cubs : RHP Rich N Thompson
|
|
Batting: LHB Sergio Leija
|
0-0: Called Strike 0-1: Called Strike 0-2: Ball 1-2: Ball 2-2: Fly out, F3 (Line Drive, 3, EV 73.8 MPH)
|
|
Batting: LHB Robert McNair
|
0-0: Called Strike 0-1: Ball 1-1: Swinging Strike 1-2: Strikes out swinging
|
|
Batting: RHB Harry McCulla
|
0-0: Ball 1-0: Ball 2-0: Called Strike 2-1: Ball 3-1: Base on Balls
|
|
Pitching: RHP Rich Carlucci
|
|
|
Batting: RHB Pedro Chavez
|
0-0: Fielders Choice at 2nd, 5-4 (Groundball, 56, EV 90.0 MPH)
|
| Bottom of the 6th over - 0 runs, 0 hits, 0 errors, 1 left on base; Huron 0 - Aberdeen 3 |
| TOP OF THE 7TH |
|
Huron Cubs batting - Pitching for Aberdeen Pheasants : RHP Dave Beard
|
|
Batting: RHB Mark Carreon
|
0-0: Called Strike 0-1: SINGLE (Flyball, 89S, EV 88.8 MPH)
|
|
Batting: RHB John Alvarez
|
0-0: Ball 1-0: Called Strike 1-1: Called Strike 1-2: Ball 2-2: Ball 3-2: Foul Ball, location: 2F 3-2: Foul Ball, location: 2F 3-2: Grounds into double play, 3-6-3 (Groundball, 3S, EV 86.9 MPH)
|
|
Batting: LHB Willis Gonzalez
|
0-0: Ball 1-0: Foul Ball, location: 2F 1-1: Called Strike 1-2: DOUBLE (Line Drive, 9LS, EV 95.6 MPH)
|
|
Batting: RHB Mike Stellern
|
0-0: Fly out, F8 (Line Drive, 8LD, EV 87.5 MPH)
|
| Top of the 7th over - 0 runs, 2 hits, 0 errors, 1 left on base; Huron 0 - Aberdeen 3 |
| BOTTOM OF THE 7TH |
|
Aberdeen Pheasants batting - Pitching for Huron Cubs : RHP Rich Carlucci
|
|
Batting: RHB Alejandro Luna
|
0-0: Foul Ball, location: 2F 0-1: Swinging Strike 0-2: Fly out, F8 (Flyball, 8RM, EV 74.4 MPH)
|
|
Batting: RHB Armando Ramirez
|
0-0: Called Strike 0-1: Foul Ball, location: 2F 0-2: Ball 1-2: Ball 2-2: Ball 3-2: Foul Ball, location: 2F 3-2: Base on Balls
|
|
Batting: RHB Diego Martinez
|
0-0: Ball Armando Ramirez steals 2nd base 1-0: Ball 2-0: Ground out 6-3 (Groundball, 6MS, EV 81.9 MPH) Armando Ramirez to third
|
|
Batting: RHB Greg Howe
|
0-0: Called Strike 0-1: Ball 1-1: Ball 2-1: Foul Ball, location: 2F 2-2: Ball 3-2: Base on Balls
|
|
Batting: RHB Thomas Masterson
|
0-0: SINGLE (Line Drive, 4M, EV 108.8 MPH) Armando Ramirez scores Greg Howe to second Runner from 2nd tries for 3rd, SAFE, throw by CF made to third
|
|
Batting: LHB Sergio Leija
|
0-0: Foul Ball, location: 2F 0-1: Ground out 1-3 (Groundball, 13S, EV 56.9 MPH)
|
| Bottom of the 7th over - 1 run, 1 hit, 0 errors, 2 left on base; Huron 0 - Aberdeen 4 |
| TOP OF THE 8TH |
|
Huron Cubs batting - Pitching for Aberdeen Pheasants : RHP Dave Beard
|
|
Batting: LHB Rob Nelson
|
0-0: Ball 1-0: Called Strike 1-1: Called Strike 1-2: Strikes out swinging
|
|
Batting: RHB Phillip Wilson
|
0-0: Ball 1-0: Foul Ball, location: 2F 1-1: Swinging Strike 1-2: Ball 2-2: Strikes out swinging
|
|
Batting: SHB Chris Pittaro
|
0-0: Foul Ball, location: 2F 0-1: SINGLE (Groundball, 3D, EV 104.4 MPH)
|
|
Batting: SHB Keith Smith
|
0-0: Ground out 3-1 (Groundball, 13, EV 90.6 MPH)
|
| Top of the 8th over - 0 runs, 1 hit, 0 errors, 1 left on base; Huron 0 - Aberdeen 4 |
| BOTTOM OF THE 8TH |
|
Aberdeen Pheasants batting - Pitching for Huron Cubs : RHP Rich Carlucci
|
|
Batting: LHB Robert McNair
|
0-0: Ball 1-0: Ball 2-0: SINGLE (Flyball, 6MD, EV 98.8 MPH)
|
|
Batting: RHB Harry McCulla
|
0-0: Called Strike 0-1: Ball 1-1: Grounds into double play, 6-4-3 (Groundball, 6, EV 108.1 MPH)
|
|
Batting: RHB Pedro Chavez
|
0-0: Ball 1-0: Ball 2-0: Swinging Strike 2-1: Fly out, F7 (Flyball, 7LS, EV 81.3 MPH)
|
| Bottom of the 8th over - 0 runs, 1 hit, 0 errors, 0 left on base; Huron 0 - Aberdeen 4 |
| TOP OF THE 9TH |
|
Huron Cubs batting - Pitching for Aberdeen Pheasants : RHP Dave Beard
|
|
Batting: RHB Greg Zunino
|
0-0: Ball 1-0: Foul Ball, location: 2F 1-1: Called Strike 1-2: Ball 2-2: Fly out, F3 (Line Drive, 3, EV 64.4 MPH)
|
|
Batting: RHB Mark Carreon
|
0-0: Ball 1-0: Called Strike 1-1: Foul Ball, location: 2F 1-2: Ball 2-2: SINGLE (Line Drive, 56D, EV 101.9 MPH)
|
|
Batting: RHB John Alvarez
|
0-0: Ball 1-0: Called Strike 1-1: Foul Ball, location: 2F 1-2: Ball 2-2: Fly out, F8 (Flyball, 8LS, EV 85.0 MPH)
|
|
Batting: LHB Willis Gonzalez
|
0-0: Ball 1-0: Ball 2-0: Ball 3-0: 2-RUN HOME RUN (Flyball, 9LD, EV 100.6 MPH), Distance : 368 ft
|
|
Pitching: LHP Juan Contreras
|
|
|
Now at 1B: Rick Leach
|
|
|
Now in LF: Bob Porter
|
|
|
Batting: RHB Mike Stellern
|
0-0: Ball 1-0: Fly out, F9 (Flyball, 9, EV 97.5 MPH)
|
| Top of the 9th over - 2 runs, 2 hits, 0 errors, 0 left on base; Huron 2 - Aberdeen 4 |
|